← All builds
Suicide front / Legion / Quick factory / OBSERVED BUILD

Standard suicide front

Quick Bot Lab into Vehicle Plant to project force at middle early with Ballista, Satyr, Decurion and Lance, transitioning into Barrage artillery and an Advanced Metal Extractor as the game develops.

#rush #raid · 26 distinct matches · 14 players · 79% of Legion Suicide front games · team won 50% of 26 · Recently observed

HOW TO PLAY IT

Key timing: Legion Vehicle Plant by 1:01

  1. Take a single mex and rush the bot lab immediately.
  2. Finish the bot lab fast to start early Decurion or Ballista pushes.
  3. Get the vehicle plant up to widen unit options for the front.
  4. Contest the middle early and expect combat losses right away.
  5. Pick up T2 constructor once middle is stabilized to prep for T2 arrivals.

Phase by phase

TYPICAL OF ITS 26 GAMES
  1. 1
  2. 2
  3. 3
PLAY THE OPENING

Follow the example game's first 6:00 step by step: what to build now, what comes next, and where it goes. At 1× it keeps pace with your own game.

  1. 1

    Up to the Legion Bot Lab

    Economy
    • Metal Extractor1Mex
    Order
    1. Legion Bot LabLegion Bot Lab after 2 mexdone ~0:34, middle half 0:20–0:35

    By 0:17 in all: 1 mex

    The example game in this phase · 3 steps
    1. Mex
    2. Wind
    3. Legion Vehicle PlantLegion Vehicle Plantdone 0:36 · typical 1:01
  2. 2

    Legion Bot Lab to 5:00

    Economy
    • Metal Extractor5Mex
    • Wind Turbine7Wind
    Builders
    • Construction Turret1 Con turret
    • Legion Construction Bot3 Legion Construction Bot
    • Zagreus2 Zagreus
    Army
    • Pharos4 Pharos
    Other
    • Radar Tower1 Radar Tower

    Some games also: Ballista (42%) · Goblin (38%) · Satyr (38%) · Legion Construction Vehicle (35%) · Barrage (31%)

    By 5:00 in all: 6 mex · 8 wind · 1 con turret

    The example game in this phase · 36 steps
    1. Legion Construction VehicleLegion Construction Vehicle
    2. Wind
    3. Legion Construction VehicleLegion Construction Vehicle
    4. PharosPharos
    5. Mex ×2
    6. Legion Construction VehicleLegion Construction Vehicle
    7. Mex
    8. PharosPharos
    9. WheelieWheelie
    10. BarrageBarrage
    11. Wind
    12. Mex
    13. LanceLance
    14. PharosPharos
    15. Radar TowerRadar Tower
    16. Wind
    17. PharosPharos
    18. Mex
    19. WheelieWheelie
    20. LanceLance
    21. Con turret
    22. PharosPharos
    23. LanceLance ×3
    24. Wind
    25. LanceLance
    26. Wind
    27. LanceLance
    28. Wind
    29. LanceLance
    30. Wind
    31. LanceLance
    32. Wind
    33. Mex
    34. WheelieWheelie
    35. Wind
    36. LanceLance
  3. 3

    5:00 to 10:00

    Economy
    • Metal Extractor2Mex
    • Wind Turbine17Wind
    • Energy Storage1Energy storage
    Builders
    • Construction Turret3 Con turret

    Some games also: Zagreus (46%) · Radar Tower (42%) · converter (38%) · Ballista (38%) · Pharos (35%)

    By 10:00 in all: 8 mex · 25 wind · 1 energy storage · 4 con turret

    The example game in this phase · 124 steps
    1. Energy storage
    2. LanceLance
    3. Con turret
    4. WheelieWheelie ×2
    5. LanceLance
    6. Con turret
    7. LanceLance ×2
    8. Advanced solar
    9. WheelieWheelie
    10. LanceLance
    11. BarrageBarrage
    12. Con turret
    13. Converter
    14. WheelieWheelie
    15. Converter
    16. LanceLance
    17. Converter
    18. LanceLance
    19. Con turret
    20. Wind ×6
    21. Advanced Metal ExtractorT2 mexdone 8:45 · typical 8:45
    22. Con turret
    23. Advanced Metal ExtractorT2 mex ×2
    24. Con turret
    25. Advanced Metal ExtractorT2 mex
    26. Wind ×2
    27. Legion Drone PlantLegion Drone Plantdone 10:17
    28. Advanced Metal ExtractorT2 mex
    29. Con turret
    30. Wind ×2
    31. Converter
    32. Wind ×3
    33. Legion Vehicle PlantLegion Vehicle Plantdone 11:00
    34. Wind
    35. Converter
    36. DecurionDecurion
    37. Wind ×2
    38. Con turret
    39. NoctuaNoctua
    40. DecurionDecurion
    41. Wind
    42. Legion Construction AircraftLegion Construction Aircraft ×2
    43. Con turret
    44. Wind
    45. Legion Construction AircraftLegion Construction Aircraft
    46. Converter
    47. Con turret
    48. DecurionDecurion
    49. Legion Construction AircraftLegion Construction Aircraft
    50. Legion Vehicle PlantLegion Vehicle Plantdone 11:43
    51. Wind
    52. Legion Construction AircraftLegion Construction Aircraft
    53. DecurionDecurion
    54. Wind
    55. DecurionDecurion
    56. NoctuaNoctua
    57. Wind
    58. DecurionDecurion
    59. Converter
    60. DecurionDecurion ×2
    61. Wind
    62. DecurionDecurion
    63. Wind
    64. DecurionDecurion
    65. Wind
    66. DecurionDecurion
    67. Wind
    68. DecurionDecurion
    69. Converter
    70. NoctuaNoctua
    71. DecurionDecurion
    72. Wind
    73. DecurionDecurion
    74. Wind
    75. DecurionDecurion
    76. Con turret
    77. DecurionDecurion
    78. Wind
    79. DecurionDecurion
    80. Con turret
    81. Wind
    82. NoctuaNoctua
    83. DecurionDecurion ×2
    84. Converter
    85. Con turret
    86. DecurionDecurion
    87. Wind
    88. DecurionDecurion
    89. NoctuaNoctua
    90. Con turret
    91. Wind
    92. DecurionDecurion
    93. Wind
    94. DecurionDecurion
    95. Con turret
    96. DecurionDecurion
    97. Wind
    98. NoctuaNoctua
    99. DecurionDecurion
    100. Con turret
    101. Cloakable Fusion ReactorCloakable Fusion Reactornot finished by 15:00
    102. Converter
    103. DecurionDecurion
    104. Con turret
    105. Wind
    106. Con turret
    107. DecurionDecurion ×2
    108. Wind ×2
    109. DecurionDecurion
    110. Wind ×4
    111. NoctuaNoctua
    112. Wind ×2
    113. DecurionDecurion
    114. Wind ×3
    115. DecurionDecurion
    116. Wind ×7
    117. DecurionDecurion
    118. Wind ×5
    119. DecurionDecurion
    120. Wind ×3
    121. Converter
    122. Wind
    123. DecurionDecurion
    124. Wind ×6

Counts are medians over the build's games: half of them build more, half fewer. The example game is _X_'s (51 OS, 11/09/2026); pick another.

Team trades

IN AT LEAST 30% OF ITS GAMES

You hand over

Nothing regular.

You get

  • Tidal Generator4 Tidal from Pondfirst at 0:11 · in 69% of games
  • Advanced Construction Bot1 T2 con bot from Geo or Techfirst at 7:31 · in 54% of games

How it plays out

Typical game of this build, running totals by minute

Metal produced

010k20k30k
0:005:0010:0015:00

metal

Enemy metal destroyed

05k10k
0:005:0010:0015:00

metal

Own metal lost

05k10k
0:005:0010:0015:00

metal

26 games.

Show as table
ByMetal produced: This buildEnemy metal destroyed: This buildOwn metal lost: This build
1:0024900
2:0087900
3:00204220360
4:003176484320
5:0042971154788
6:00526718041130
7:00619125412201
8:00749140053250
9:00877445374000
10:001049947444506
11:001232249825031
12:001458453036112
13:001742860647159
14:002039474937635
15:002406490817997
WHAT THE NUMBERS SAY

Suicide front trades heavily, destroying more enemy metal early than any other role shown but also losing the most, reflecting its all-in nature.

  • + Enemy metal destroyed hits 1253 by 5:00, far ahead of other roles at that mark.
  • + Metal produced by 5:00 reaches 4185, among the highest early figures.
  • − Own metal lost reaches 5320 by 10:00, the heaviest losses of any build shown.
  • − Team win rate is only 48%, despite the aggressive early trades.
THE EXAMPLE YOU ARE READING

_X_

50.5 OS · 11/09/2026

Open source match ↗

5 received units · includes a constructor
371 metal received · 56897 energy received

Allied construction assistance is unknown. Timings are observations, not a promise of solo reproducibility.

Typical milestones

Legion Bot Lab0:34Middle 50%: 0:20–0:35 · n=17
Legion Vehicle Plant1:01Middle 50%: 0:36–6:33 · n=16
Advanced Metal Extractor8:45Middle 50%: 8:17–9:33 · n=13

Played most by

_X_8games of this build[crd]sisa4games of this build[Cookie]Maco2games of this buildyubiyubi2games of this buildBoozha1game of this build